General information
- name: BNet
- type: Ladder 1vs1/FFA
- host: Battle.net
- saver: APMinflation
map: LostTemple
- players: 2
- length: 117:38
- speed: Fast
- version: 1.26 W3XP
- replay type: Public
» download(253 KB)
Players
team 1 (loser)
w4a2s0 (
red | 12 APM | 1183 actions | 100:05)
6 Paladin
2 Holy Light
2 Divine Shield
1 Devotion Aura
1 Resurrection
3 Blood Mage
1 Banish
2 Flame Strike
» actions
| Build / train | 85 | |
| Enter build submenu | 51 | |
| Enter hero's abilities submenu | 9 | |
| Right click | 467 | |
| Select / deselect | 501 | |
| Use ability | 70 | |
1183 total
» units
| Peasant | 18 | |
| Footman | 5 | |
| Rifleman | 13 | |
| Knight | 6 | |
| Mortar Team | 4 | |
46 total
» upgrades
| Defend | 1 | |
| Swords | 3 | |
| Plating | 2 | |
| Gunpowder | 2 | |
| Masonry | 2 | |
| Armor | 1 | |
| Lumber Harvesting | 2 | |
| Long Rifles | 1 | |
| Magic Sentry | 1 | |
| Priest Training | 1 | |
16 total
» buildings
| Barracks | 2 | |
| Farm | 11 | |
| Altar of Kings | 1 | |
| Blacksmith | 1 | |
| Scout Tower | 15 | |
| Lumber Mill | 2 | |
| Arcane Tower | 7 | |
| Keep | 1 | |
| Castle | 1 | |
| Town Hall | 3 | |
| Arcane Sanctum | 1 | |
| Arcane Vault | 1 | |
| Workshop | 1 | |
| Gryphon Aviary | 1 | |
| Guard Tower | 3 | |
51 total
» build order
00:09 Barracks
00:24 Farm
01:03 Farm
01:15 Altar of Kings
01:40 Farm
02:23 Blacksmith
02:38 Farm
02:54 Scout Tower
03:14 Lumber Mill
03:24 Farm
03:27 Scout Tower
03:29 Arcane Tower
04:03 Arcane Tower
04:50 Barracks
06:07 Farm
06:43 Farm
07:26 Scout Tower
07:33 Scout Tower
07:54 Keep
09:08 Arcane Tower
09:12 Farm
10:19 Castle
11:17 Town Hall
11:33 Arcane Sanctum
12:12 Arcane Vault
14:19 Farm
15:58 Farm
16:30 Workshop
18:41 Town Hall
19:15 Lumber Mill
19:32 Scout Tower
20:30 Arcane Tower
20:37 Scout Tower
21:08 Arcane Tower
22:35 Town Hall
23:13 Gryphon Aviary
23:50 Scout Tower
24:17 Arcane Tower
24:22 Farm
25:50 Scout Tower
25:53 Scout Tower
25:55 Scout Tower
25:58 Scout Tower
26:03 Scout Tower
26:09 Scout Tower
26:11 Scout Tower
26:15 Scout Tower
26:31 Guard Tower
26:33 Guard Tower
26:43 Guard Tower
26:52 Arcane Tower
team 2 (winner)
APMinflation (
yellow | 41 APM | 4801 actions | 117:38)
6 Archmage
3 Blizzard
2 Brilliance Aura
1 Mass Teleport
5 Blood Mage
3 Flame Strike
2 Siphon Mana
» actions
| Assign group hotkey | 95 | |
| Basic commands | 247 | |
| Build / train | 201 | |
| ESC pressed | 11 | |
| Enter build submenu | 104 | |
| Enter hero's abilities submenu | 11 | |
| Give item / drop item | 3 | |
| Right click | 1713 | |
| Select / deselect | 1148 | |
| Select group hotkey | 494 | |
| Use ability | 774 | |
4801 total
» units
| Peasant | 84 | |
| Goblin Shredder | 2 | |
| Goblin Zeppelin | 5 | |
| Mortar Team | 3 | |
| Sorceress | 3 | |
| Gryphon Rider | 3 | |
| Dragonhawk Rider | 4 | |
104 total
» upgrades
| Masonry | 2 | |
| Swords | 3 | |
| Armor | 3 | |
| Magic Sentry | 1 | |
| Sorceress Training | 2 | |
| Cloud | 1 | |
| Storm Hammers | 1 | |
| Gunpowder | 3 | |
| Fragmentation Shards | 1 | |
| Flare | 1 | |
| Plating | 3 | |
| Flak Cannons | 1 | |
| Flying Machine Bombs | 1 | |
23 total
» buildings
| Altar of Kings | 1 | |
| Farm | 60 | |
| Arcane Vault | 2 | |
| Lumber Mill | 1 | |
| Scout Tower | 90 | |
| Arcane Tower | 7 | |
| Town Hall | 5 | |
| Guard Tower | 15 | |
| Keep | 1 | |
| Blacksmith | 2 | |
| Castle | 1 | |
| Arcane Sanctum | 1 | |
| Gryphon Aviary | 3 | |
| Workshop | 2 | |
| Cannon Tower | 4 | |
195 total
» build order
00:04 Altar of Kings
00:28 Farm
00:44 Arcane Vault
00:50 Farm
01:04 Lumber Mill
01:20 Scout Tower
01:58 Arcane Tower
02:15 Scout Tower
02:16 Scout Tower
02:52 Arcane Tower
03:35 Town Hall
03:49 Farm
04:02 Scout Tower
04:03 Scout Tower
04:04 Scout Tower
04:05 Scout Tower
04:06 Scout Tower
04:09 Scout Tower
04:10 Scout Tower
04:14 Scout Tower
04:39 Scout Tower
04:40 Scout Tower
04:44 Scout Tower
05:06 Scout Tower
05:10 Scout Tower
05:14 Scout Tower
05:16 Guard Tower
05:40 Guard Tower
06:03 Keep
06:05 Guard Tower
06:09 Scout Tower
06:10 Scout Tower
06:13 Scout Tower
06:14 Scout Tower
06:32 Blacksmith
06:33 Blacksmith
06:41 Farm
06:42 Farm
07:51 Guard Tower
07:58 Arcane Tower
07:58 Guard Tower
08:14 Guard Tower
08:52 Castle
08:54 Guard Tower
09:23 Guard Tower
10:36 Arcane Sanctum
11:32 Gryphon Aviary
11:32 Gryphon Aviary
11:32 Gryphon Aviary
12:26 Scout Tower
12:28 Scout Tower
12:30 Scout Tower
13:00 Workshop
13:59 Arcane Tower
14:00 Guard Tower
14:11 Workshop
14:31 Farm
16:32 Guard Tower
19:09 Town Hall
19:12 Scout Tower
19:12 Scout Tower
19:13 Scout Tower
19:14 Scout Tower
19:15 Scout Tower
19:15 Scout Tower
19:16 Scout Tower
19:16 Scout Tower
19:47 Arcane Tower
20:15 Guard Tower
20:45 Arcane Vault
20:51 Scout Tower
21:22 Guard Tower
23:20 Town Hall
23:23 Scout Tower
23:24 Scout Tower
23:25 Scout Tower
23:26 Scout Tower
23:50 Scout Tower
23:51 Scout Tower
23:52 Scout Tower
23:52 Scout Tower
23:53 Arcane Tower
25:45 Guard Tower
28:55 Town Hall
29:29 Scout Tower
29:30 Scout Tower
29:31 Scout Tower
29:31 Scout Tower
29:37 Scout Tower
29:39 Scout Tower
29:40 Scout Tower
29:41 Scout Tower
30:08 Guard Tower
33:37 Town Hall
33:42 Scout Tower
33:42 Scout Tower
33:43 Scout Tower
33:44 Scout Tower
33:44 Scout Tower
33:45 Scout Tower
35:07 Arcane Tower
35:08 Guard Tower
42:12 Farm
42:15 Farm
42:16 Farm
42:18 Farm
42:19 Farm
43:12 Farm
43:13 Farm
43:14 Farm
43:21 Farm
43:21 Farm
43:22 Farm
43:43 Farm
43:44 Farm
43:45 Farm
43:46 Farm
43:51 Farm
43:52 Farm
43:56 Farm
43:57 Farm
43:58 Farm
44:00 Farm
44:05 Farm
44:10 Farm
44:13 Farm
44:14 Farm
44:27 Farm
44:29 Farm
44:29 Farm
44:31 Farm
44:32 Farm
44:34 Farm
44:34 Farm
44:36 Farm
44:37 Farm
44:41 Farm
44:42 Farm
44:43 Farm
45:02 Farm
45:03 Farm
45:04 Farm
45:22 Farm
45:32 Farm
45:34 Farm
45:37 Farm
45:40 Farm
45:41 Farm
45:43 Farm
45:47 Farm
45:52 Farm
45:53 Farm
45:54 Farm
45:56 Farm
45:56 Farm
45:58 Farm
94:19 Scout Tower
94:20 Scout Tower
94:20 Scout Tower
94:21 Scout Tower
94:24 Scout Tower
94:25 Scout Tower
94:27 Scout Tower
94:28 Scout Tower
94:32 Scout Tower
94:33 Scout Tower
94:34 Scout Tower
94:35 Scout Tower
94:38 Scout Tower
94:40 Scout Tower
94:48 Scout Tower
94:49 Scout Tower
94:50 Scout Tower
94:51 Scout Tower
94:52 Scout Tower
94:58 Scout Tower
94:59 Scout Tower
95:00 Scout Tower
95:01 Scout Tower
95:07 Scout Tower
95:08 Scout Tower
95:09 Scout Tower
95:11 Scout Tower
95:16 Scout Tower
95:17 Scout Tower
95:23 Scout Tower
95:40 Scout Tower
95:41 Scout Tower
95:42 Scout Tower
95:43 Scout Tower
95:44 Scout Tower
98:45 Cannon Tower
98:45 Cannon Tower
98:46 Cannon Tower
98:46 Cannon Tower
» items
| Mechanical Critter | 3 | |
| Lesser Clarity Potion | 6 | |
| Scroll of Regeneration | 8 | |
| Potion of Healing | 7 | |
| Scroll of Town Portal | 3 | |
| Staff of Sanctuary | 1 | |
| Potion of Mana | 2 | |
| Boots of Speed | 1 | |
| Periapt of Vitality | 1 | |
| Potion of Lesser Invulnerability | 1 | |
33 total
Chat log
(33:23 / All) w4a2s0: gg
(33:26 / All) APMinflation: lomfao
(33:27 / All) APMinflation: not really
(33:46 / All) APMinflation: lol
(33:53 / All) w4a2s0: yeah I like it when people start their stats over so they don't have to play anybody good
(34:03 / All) w4a2s0: this is my only account
(34:07 / All) APMinflation: i like it when people get angry and make assumptions :D
(34:21 / All) APMinflation: like you assume that ive been playing forever like you have because im better than you
(34:26 / All) w4a2s0: I like it when people are bad sports
(34:36 / All) APMinflation: tears on keyboard?
(34:37 / All) APMinflation: lol
(34:40 / All) w4a2s0: nope
(34:43 / All) APMinflation: they always deny
(34:45 / All) w4a2s0: just chill
(34:49 / All) APMinflation: youre the one getting mD
(34:50 / All) APMinflation: mad
(34:51 / All) APMinflation: :D
(34:57 / All) APMinflation: btw why are you still here
(34:59 / All) APMinflation: lol
(35:17 / All) w4a2s0: pawn stars
(35:30 / All) APMinflation: was that english
(35:31 / All) w4a2s0: anyway
(35:36 / All) APMinflation: anyway ragequit incoming
(35:37 / All) w4a2s0: gg
(35:43 / All) APMinflation: buh bye permanoob
(35:48 / All) w4a2s0: gg
(36:00 / All) APMinflation: in b4 angry last word
(36:29 / All) APMinflation: still here? :D
(37:01 / All) APMinflation: the "im going to afk because im angry" defense?
(48:29 / All) w4a2s0: just got back from the bathroom....
(48:33 / All) w4a2s0: your doing a great job
(48:34 / All) APMinflation: congrats?
(48:49 / All) APMinflation: you never did say why youre still here but we both know :D
(60:07 / All) APMinflation: you know...
(60:11 / All) APMinflation: young man...
(60:15 / All) APMinflation: there's no need to feel down.
(60:34 / All) APMinflation: i said
(60:36 / All) APMinflation: young man
(60:40 / All) APMinflation: pick yourself up off the ground
(60:46 / All) APMinflation: i said
(60:48 / All) APMinflation: young man
(60:55 / All) APMinflation: cause youre in a new town
(61:01 / All) APMinflation: THERES NO
(61:02 / All) APMinflation: NEED
(61:03 / All) APMinflation: TO
(61:04 / All) APMinflation: BE
(61:04 / All) APMinflation: UN
(61:05 / All) APMinflation: HAP
(61:06 / All) APMinflation: PY
(61:21 / All) APMinflation: Young man,
(61:29 / All) APMinflation: There's a place you can go.
(61:32 / All) APMinflation: I said, young man,
(61:37 / All) APMinflation: When you're short on your dough
(61:46 / All) APMinflation: You can stay there,
(61:50 / All) APMinflation: and I'm sure you will find
(61:52 / All) APMinflation: MA
(61:53 / All) APMinflation: NY
(61:54 / All) APMinflation: WAYS
(61:55 / All) APMinflation: TO
(61:56 / All) APMinflation: HAVE
(61:56 / All) APMinflation: A
(61:57 / All) APMinflation: GOOD
(61:58 / All) APMinflation: TIME
(62:03 / All) APMinflation: [duh duh duh duh duh]
(62:08 / All) APMinflation: its fun to stay at the
(62:11 / All) APMinflation: YYYYYYYYYYYYYYYYYYYYYY
(62:11 / All) APMinflation: M
(62:13 / All) APMinflation: C
(62:13 / All) APMinflation: A
(62:17 / All) APMinflation: its fun to stay at the
(62:18 / All) APMinflation: YYYYYYYYYYYYYYY
(62:19 / All) APMinflation: M
(62:20 / All) APMinflation: C
(62:23 / All) APMinflation: A!